 Dungeon Crawl Stone Soup version 0.31-a0-664-g902f515a81 (webtiles) character file.

Game seed: 10614026633666615158

855 Bravepunisher the Nimble (level 7, -9/37 HPs)
             Began as a Spriggan Monk on Sept 2, 2023.
             Was a Priest of Makhleb.
             Killed from afar by a steam dragon (17 damage)
             ... with a ball of steam
             ... on level 6 of the Dungeon.
             The game lasted 00:15:53 (4713 turns).

Bravepunisher the Nimble (Spriggan Monk)            Turns: 4713, Time: 00:15:54

Health: -9/37      AC:  3    Str: 11    XL:     7   Next: 70%
Magic:  19/19      EV: 29    Int: 11    God:    Makhleb [***...]
Gold:   155        SH:  5    Dex: 20    Spells: 6/6 levels left

rFire   . . .        u - +4 whip of the Dwarven Hall {flame, rElec MP+9 Str+4}
rCold   . . .        d - orb {light}
rNeg    . . .        b - +0 robe
rPois   +            (helmet restricted)
rElec   +            v - +0 cloak
rCorr   .            (gloves unavailable)
SInv    +            (boots unavailable)
Will    +....        h - amulet of reflection
Stlth   +            l - ring of poison resistance
HPRegen 0.26/turn    s - +5 ring of evasion
MPRegen 0.16/turn

%: reflection
@: glowing, very quick
A: very small, no large weapons, unfitting armour, see invisible, speed 3
a: Renounce Religion, Minor Destruction, Lesser Servant of Makhleb


You were on level 6 of the Dungeon.
You worshipped Makhleb.
Makhleb was most pleased with you.
You visited 2 branches of the dungeon, and saw 7 of its levels.

You collected 155 gold pieces.

Inventory:

Hand Weapons
 u - the +4 whip of the Dwarven Hall (weapon) {flame, rElec MP+9 Str+4}
   (You took it off a gnoll on level 5 of the Dungeon)

   Str+4:     It affects your strength (+4).
   rElec:     It insulates you from electricity.
   MP+9:      It affects your magic capacity (+9).
Missiles
 t - 2 throwing nets
Armour
 b - a +0 robe (worn)
 d - an orb of light (worn)
 v - a +0 cloak (worn)
Jewellery
 h - an amulet of reflection (around neck)
 l - a ring of poison resistance (left hand)
 s - a +5 ring of evasion (right hand)
Wands
 q - a wand of roots (9)
Scrolls
 e - 4 scrolls of teleportation {unknown}
 f - 2 scrolls of poison {unknown}
 g - 8 scrolls of identify {unknown}
 k - 2 scrolls of enchant weapon {unknown}
 n - a scroll of amnesia {unknown}
 o - 2 scrolls of enchant armour {unknown}
 p - a scroll of revelation {unknown}
 r - a scroll of immolation {unknown}
 w - a scroll of fear {unknown}
Potions
 a - 2 potions of haste {unknown}
 c - a potion of berserk rage {unknown}
 i - 3 potions of mutation {unknown}
 j - 2 potions of curing {unknown}
 m - a potion of heal wounds {unknown}
 x - 2 potions of resistance {unknown}
 z - a potion of lignification {unknown}
 A - a potion of invisibility {unknown}


   Skills:
 + Level 4.3 Fighting
 - Level 3.2 Short Blades
 + Level 1.5 Maces & Flails
 * Level 9.0 Dodging
 + Level 3.3 Invocations


You had 6 spell levels left.
You didn't know any spells.
Your spell library contained the following spells:

 Spells                   Type           Power      Damage    Failure   Level
 Apportation              Tloc           0%         N/A       34%         1
 Freeze                   Ice            0%         1d3       34%         1
 Kiss of Death            Conj/Necr      0%         2d5       34%         1
 Necrotise                Necr           0%         1d4       34%         1
 Summon Small Mammal      Summ           0%         N/A       34%         1
 Confusing Touch          Hex            0%         N/A       71%         3
 Frozen Ramparts          Ice            0%         1d1       71%         3
 Hailstorm                Conj/Ice       0%         3d3       71%         3
 Dispel Undead            Necr           0%         3d6       98%         4


Dungeon Overview and Level Annotations

Branches:
Dungeon (6/15)             Temple (1/1) D:4

Altars:
Ashenzari
Cheibriados
Dithmenos
Elyvilon
Fedhas
Gozag
Hepliaklqana
Kikubaaqudgha
Makhleb
Nemelex Xobeh
Okawaru
Qazlal
Ru
Sif Muna
Trog
Uskayaw
Vehumet
Wu Jian
Xom
Yredelemnul
Zin
The Shining One

Shops:
D:6 :


Innate Abilities, Weirdness & Mutations

You are very small and have problems with some larger weapons.
You are too small for most types of armour.
You have supernaturally acute eyesight. (SInv)
You cover ground extremely quickly. (Speed+++)


Message History

Press: ? - help, Shift-Dir - straight line, f - steam dragon
Aim: a steam dragon (haloed)
The zap hits the steam dragon.
The steam dragon is lightly wounded.
Aiming: Minor Destruction (3% risk of failure)
Press: ? - help, Shift-Dir - straight line, f/p - steam dragon
Aim: a steam dragon (lightly wounded, haloed)
The stone arrow hits the steam dragon!
The steam dragon is moderately wounded.
You hit the steam dragon but do no damage.
The steam dragon is moderately wounded.
An ogre comes into view. It is wielding a +0 giant club.
The steam dragon bites you! You block the steam dragon's attack.
You barely miss the steam dragon.
The steam dragon is moderately wounded.
The ogre shouts!
The steam dragon breathes steam at you. The ball of steam misses you.
You hear a loud, deep croak!
Aiming: Minor Destruction (3% risk of failure)
Press: ? - help, Shift-Dir - straight line, f/p - steam dragon
Aim: a steam dragon (steam, moderately wounded, catching its breath, haloed)
The zap misses the steam dragon.
The zap hits the steam dragon.
The steam dragon is heavily wounded.
The zap misses you. The steam dragon bites you.
The steam dragon completely misses you.
The steam dragon attacks as it pursues you!
The steam dragon closely misses you. The steam dragon completely misses you.
Aiming: Minor Destruction (3% risk of failure)
Press: ? - help, Shift-Dir - straight line, f/p - steam dragon
Aim: a steam dragon (heavily wounded, haloed)
The stone arrow hits the steam dragon!
The steam dragon is severely wounded.
The steam dragon breathes steam at you. The ball of steam hits you!
* * * LOW HITPOINT WARNING * * *
The ogre is engulfed in a cloud of scalding steam.
The steam dragon breathes steam at you. The ball of steam hits you!
You die...

(.....# #...§§.# ....
.....## #..#D§D##+##...
.....# #..§##+D....+
....## ##...# #.#...#
....## ##....###.....#
..#..####....#...#...#...#
.##...##........§..#...#..
####..##........§.######
.. # ##...........@## ..
#..........### ..
##.......### .. ##....####
#. #.#...####### ##.......
####......... ......#.
#### ##........ .......
...######........ ....#.
...............## .....


There were no monsters in sight!

Vanquished Creatures
  A water moccasin (D:6)
  An ice beast (D:6)
  A black bear (D:5)
  A sky beast (D:6)
  A bullfrog (D:5)
  A hound (D:4)
  Crazy Yiuf (D:5)
  A gnoll bouda (D:5)
  2 orc priests (D:5)
  An iguana (D:6)
  2 orc wizards (D:5)
  7 adders
  4 gnolls (D:5)
  A worm (D:2)
  2 dart slugs
  6 orcs (D:5)
  2 ball pythons
  5 bats
  8 endoplasms
  2 giant cockroaches
  6 goblins
  7 hobgoblins
  6 kobolds
  6 quokkas
  3 frilled lizards
  3 rats
81 creatures vanquished.

Notes
Turn   | Place    | Note
-------+----------+-------------------------------------------
     0 | D:1      | Bravepunisher the Spriggan Monk began the quest for the
                  | Orb.
     0 | D:1      | Reached XP level 1. HP: 11/11 MP: 2/2
   302 | D:5      | Entered Level 5 of the Dungeon
   363 | D:5      | Found a sparkling altar of Nemelex Xobeh.
   375 | D:5      | Noticed an orc priest
   447 | D:4      | Reached XP level 2. HP: 16/16 MP: 3/3
   557 | D:4      | Reached skill level 5 in Dodging
   599 | D:4      | Reached XP level 3. HP: 8/19 MP: 4/4
   607 | D:4      | Reached XP level 4. HP: 8/24 MP: 5/5
   785 | D:4      | Found a staircase to the Ecumenical Temple.
   795 | Temple   | Entered the Ecumenical Temple
   808 | Temple   | Became a worshipper of Makhleb the Destroyer
   808 | Temple   | Reached * piety under Makhleb
   808 | Temple   | Reached ** piety under Makhleb
  1172 | D:1      | Reached skill level 6 in Dodging
  2020 | D:2      | Reached skill level 1 in Invocations
  2231 | D:3      | Reached XP level 5. HP: 26/28 MP: 6/6
  2268 | D:3      | Found a radiant altar of Vehumet.
  2720 | D:3      | Found a hide-covered altar of Uskayaw.
  3489 | D:5      | Noticed a black bear
  3506 | D:5      | Killed a black bear
  3507 | D:5      | Reached skill level 7 in Dodging
  3507 | D:5      | Reached XP level 6. HP: 31/32 MP: 8/8
  3524 | D:5      | Identified the +4 whip of the Dwarven Hall {flame, rElec
                  | MP+9 Str+4}
  3534 | D:5      | Reached *** piety under Makhleb
  3976 | D:5      | Reached skill level 8 in Dodging
  4091 | D:5      | Found a runed translucent door.
  4092 | D:5      | Noticed Crazy Yiuf
  4112 | D:5      | Killed Crazy Yiuf
  4113 | D:5      | Reached XP level 7. HP: 36/37 MP: 10/10
  4306 | D:6      | Found Pevvuuho's Book Shoppe.
  4432 | D:6      | Reached skill level 1 in Maces & Flails
  4455 | D:6      | Reached skill level 9 in Dodging
  4690 | D:6      | Noticed a steam dragon
  4713 | D:6      | Killed from afar by a steam dragon

Illustrated notes

Levels and vault maps discovered:
D:1:      minmay_arrival_widening_spiral_wide, layout_basic
D:2:      layout_rooms
D:3:      layout_loops_ring, mainiacjoe_overflow_swirl, dk_noncrumbling_4,
          serial_park_tiny_2
D:4:      layout_basic, temple_statues
D:5:      layout_loops_corners, nemelex_diamond_rough_becter,
          minmay_misc_feat_diagonals, uniq_crazy_yiuf_cottage
D:6:      layout_cave_pods, serial_shops, nicolae_take_the_stairs,
          glass_columns_c, minmay_fractal_squares_diagonal_5
Temple:   hellmonk_temple_of_storms

Skill      XL: |  1  2  3  4  5  6  7 |
---------------+----------------------+-----
Dodging        | 5 6 7 8 9 |  9.0
Fighting       | 3 4 |  4.3
Invocations    | 1 2 3 |  3.3
Maces & Flails | 1 |  1.5
Short Blades   | |  3.2

Action                     |  1- 3 |  4- 6 |  7- 9 || total
---------------------------+-------+-------+-------++-------
  Melee: Short sword       |    66 |   105 |       ||   171
         Whip              |       |    19 |    13 ||    32
 Invoke: Minor Destruction |       |    92 |    25 ||   117
    Use: Potion            |     1 |       |       ||     1
 Armour: Robe              |    21 |    13 |    10 ||    44
  Dodge: Dodged            |    54 |    74 |    16 ||   144
  Block: Orb               |       |    26 |     5 ||    31

Table legend: (Time is in decaauts)
 A = Elapsed time spent in this place.
 B = Non-inter-level travel time spent in this place.
 C = Inter-level travel time spent in this place.
 D = Time resting spent in this place.
 E = Time spent auto-exploring this place.
 F = Levels seen in this place.
 G = Mean time per level.
                   A        B        C        D        E       F      G
               +--------+--------+--------+--------+--------+-----+--------+
         Total |   3178 |   3045 |    133 |     60 |   2261 |   7 |  454.0 |
       Dungeon |   3156 |   3030 |    126 |     60 |   2261 |   6 |  526.0 |
        Temple |     22 |     15 |      7 |      0 |      0 |   1 |   22.0 |
               +--------+--------+--------+--------+--------+-----+--------+

Top non-repeatable levels by time:
     D:5: 784 daAuts
     D:1: 563 daAuts
     D:4: 558 daAuts
     D:3: 547 daAuts
     D:6: 366 daAuts
     D:2: 335 daAuts
  Temple: 22 daAuts
